 Dungeon Crawl Stone Soup version 0.29.1-12-g30fa7ad0bf (webtiles) character file.

Game seed: 3998971877048545856

73 wormed the Trooper (level 4, -1/29 HPs)
             Began as a Gargoyle Fighter on Dec 21, 2022.
             Blown up by Ijyb (5 damage)
             ... with a mindburst bolt
             ... on level 3 of the Dungeon.
             The game lasted 00:02:22 (1961 turns).

wormed the Trooper (Gargoyle Fighter)               Turns: 1961, Time: 00:02:23

Health: -1/29      AC: 11    Str: 22    XL:     4   Next: 27%
Magic:  4/4        EV:  9    Int:  8    God:
Gold:   64         SH:  4    Dex:  9    Spells: 3/3 levels left

rFire   . . .      SeeInvis .   a - +0 flail
rCold   . . .      Faith    .   c - +0 buckler
rNeg    + . .      Spirit   .   b - +0 scale mail
rPois   ∞          Reflect  .   (no helmet)
rElec   +          Harm     .   (no cloak)
rCorr   .          Rampage  .   (no gloves)
Will    .....                   k - +0 pair of boots
Stlth   ..........              (no amulet)
HPRegen 0.09/turn               (no ring)
MPRegen 0.09/turn               (no ring)

@: no status effects
A: sickness immunity, AC +3, negative energy resistance 1, electricity
resistance, torment resistance 1, petrification resistance
a: no special abilities


You were on level 3 of the Dungeon.
You visited 1 branch of the dungeon, and saw 3 of its levels.

You collected 64 gold pieces.

Inventory:

Hand Weapons
 a - a +0 flail (weapon)
Armour
 b - a +0 scale mail (worn)
 c - a +0 buckler (worn)
 k - a +0 pair of boots (worn)
Jewellery
 i - an amulet of magic regeneration
Scrolls
 e - 2 scrolls of vulnerability {unknown}
 f - 2 scrolls of poison {unknown}
 m - a scroll of teleportation {unknown}
 n - a scroll of noise {unknown}
Potions
 d - a potion of might
 g - a potion of curing
 h - a potion of lignification
 l - a potion of heal wounds {unknown}
 o - 2 potions of ambrosia
 p - a potion of degeneration {unknown}


   Skills:
 + Level 3.8 Fighting
 * Level 3.1 Maces & Flails
 + Level 3.8 Armour
 + Level 3.8 Shields


You had 3 spell levels left.
You didn't know any spells.
Your spell library contained the following spells:

 Spells                   Type           Power      Damage    Failure   Level
 Magic Dart               Conj           0%         1d3       82%         1
 Searing Ray              Conj           0%         2d4       91%         2
 Gell's Gravitas          Tloc           0%         N/A       99%         3
 Lesser Beckoning         Tloc           0%         N/A       99%         3
 Teleport Other           Tloc           0%         N/A       99%         3
 Fulminant Prism          Conj/Hex       0%         3d6       100%        4


Dungeon Overview and Level Annotations

Branches:
Dungeon (3/15)

Altars:

Annotations:
D:3 Ijyb


Innate Abilities, Weirdness & Mutations

You are immune to sickness and miasma.
Your stone body is resilient. (AC +3)
You are immune to poison.
You resist negative energy. (rN+)
You are resistant to electric shocks. (rElec)
You are resistant to unholy torment.
You are immune to petrification.


Message History

Ijyb hits you but does no damage.
You completely miss Ijyb. Ijyb barely misses you.
You completely miss Ijyb. You block Ijyb's attack.
You sock Ijyb!
Ijyb is heavily wounded.
You block Ijyb's attack.
You sock Ijyb!
Ijyb is almost dead.
Ijyb hits you but does no damage. Ijyb barely misses you.
You hit Ijyb.
Ijyb is almost dead.
Ijyb hits you but does no damage.
You barely miss Ijyb.
Ijyb is almost dead.
Ijyb zaps a wand.
Your mind is blasted!
Ouch! That really hurt!
You closely miss Ijyb.
Ijyb is almost dead.
Ijyb hits you but does no damage. Ijyb closely misses you.
You hit Ijyb but do no damage.
Ijyb is almost dead.
Ijyb zaps a wand.
Your mind is blasted!
* * * LOW HITPOINT WARNING * * *
You hit Ijyb but do no damage.
Ijyb is almost dead.
Ijyb closely misses you. x2
You hit Ijyb but do no damage.
Ijyb is almost dead.
Ijyb hits you with a +0 dagger.
* * * LOW HITPOINT WARNING * * *
You barely miss Ijyb.
Ijyb is almost dead.
Ijyb barely misses you.
You hit Ijyb but do no damage.
Ijyb is almost dead.
Ijyb hits you but does no damage.
You closely miss Ijyb.
Ijyb is almost dead.
Ijyb zaps a wand.
You barely resist.
Ijyb zaps a wand.
Your mind is blasted!
You die...

.... #...#.# ##..####
##.....# ........ ......
#....# #....# #..#.#####
#....###### ..........#
#.........# .#...####.#
#.........#
.#........#####..g......#
.#.....####.....@#?.....#
.#.###...#.......#......#
.#.# ###.†.......#......#
.#.# ##.#......#.....g..
.#.# #.########...[..##
.#.# #>. .......# .#.
#### #......# .# #......#
.#


You could see Ijyb.

Vanquished Creatures
  An iguana (D:3)
  An adder (D:2)
  2 dart slugs
  2 bats
  2 endoplasms
  A giant cockroach (D:1)
  4 goblins
  5 hobgoblins (D:1)
  2 jackals (D:1)
  2 kobolds (D:2)
  2 quokkas (D:2)
  4 ball pythons
  2 frilled lizards (D:1)
  6 rats
36 creatures vanquished.

Notes
Turn   | Place    | Note
-------+----------+-------------------------------------------
     0 | D:1      | wormed the Gargoyle Fighter began the quest for the Orb.
     0 | D:1      | Reached XP level 1. HP: 14/14 MP: 1/1
   146 | D:1      | Reached XP level 2. HP: 19/19 MP: 2/2
   894 | D:1      | Reached XP level 3. HP: 21/23 MP: 3/3
  1584 | D:2      | Found a faded altar of an unknown god.
  1926 | D:3      | Reached XP level 4. HP: 29/29 MP: 4/4
  1938 | D:3      | Noticed Ijyb
  1961 | D:3      | Blown up by Ijyb

Illustrated notes

Levels and vault maps discovered:
D:1:      dpeg_arrival_houses_and_road, layout_loops_ring
D:2:      layout_loops_ring, shapermc_ecumenical_altar_petra,
          amcnicky_mini_corridor_feature, hangedman_decor_clover_reticule,
          grunt_decor_mini_mirrors
D:3:      layout_basic, uniq_ijyb

Skill      XL: |  1  2  3 |
---------------+----------+-----
Maces & Flails | 3 |  3.1
Fighting       | |  3.8
Armour         | |  3.8
Shields        | |  3.8

Action                   |  1- 3 |  4- 6 || total
-------------------------+-------+-------++-------
Melee: Flail             |   110 |    15 ||   125
  Use: Scroll            |     3 |       ||     3
Armor: Scale mail        |    58 |     6 ||    64
Dodge: Dodged            |    52 |     7 ||    59
Block: Buckler           |    21 |     2 ||    23
